cohdb
Replays
Latest Replays
All Replays
Popular Replays
Top Player Replays
Match Explorer
How It Works
Community
CoH3 Stats
Reddit
Sign in to upload your games and track your stats! →
Sign in with Steam
Match 41461956
Unlisted
Match 41461956
Overview
Messages
Build Orders
End
Vickers Machine Gun Team
Construct Section Command Post
Selects Heavy Armor Battlegroup
Dingo Light Scout Car
Infantry Section
Infantry Section
Construct Platoon Command Post
Grenade Package
Selects Rigorous Vehicle Training
Humber Armored Car
CMP 15cwt Truck
Infantry Training
Light Vehicle Training
Selects Light Vehicle Withdraw and Refit
Forward Retreat Point
Construct Company Command Post
Selects Forward Repair Assembly
Crusader II Medium Tank
Armored Vehicle Training
Selects Radio Net
Unlock M3 Grant Medium Tanks
Foot Guards Section
M3 Grant Medium Tank
Foot Guards Section
M3 Grant Medium Tank
Selects Recon Artillery
Recon Artillery
きめぇ丸
ma2sin
Gravey
天涯
KOR_Leonie
海绵宝宝伯约
bettipqtv
Fulgrim
0
0
Comments
sign in to comment!
No comments posted yet!